Panthers vs Avalanche

Created - December-15-12 at 11:52

Goals
1 2 3 OT1 SO T
Panthers 1 1 1 0 1 4
Avalanche 1 0 2 0 0 3
Shots
1 2 3 OT1 SO T
Panthers 9 9 5 1 3 24
Avalanche 5 2 7 0 3 14

1st period

1. Panthers , Niklas Kronwall 6 (Sam Gagner, Daniel Alfredsson) at 4:13
2. Avalanche , Justin Abdelkader 2 (Chris Stewart, Craig Adams) at 7:06

Penalties :
Derek Stepan (COL) for Roughing (Minor) at 8:28, Luca Sbisa (FLA) for High sticking (Minor) at 11:38

2nd period

3. Panthers , Dave Bolland 10 (Kyle Quincey) at 9:59

Penalties :
Niklas Kronwall (FLA) for Holding (Minor) at 1:37, John Carlson (COL) for Tripping (Minor) at 3:53, Marian Hossa (COL) for Hooking (Minor) at 6:16

3rd period

4. Avalanche , Derek Stepan 9 (Marian Hossa, Nicklas Lidstrom) at 0:24
5. Avalanche , Derek Stepan 10 (Marian Hossa, Michael Del Zotto) at 17:06
6. Panthers , Niklas Kronwall 7 (Daniel Alfredsson, Sam Gagner) at 19:49

Penalties :
Kyle Quincey (FLA) for Holding (Minor) at 0:27, Sam Gagner (FLA) for Tripping (Minor) at 4:48

Overtime #1

No Goal

Penalties :
Nicklas Lidstrom (COL) for Holding (Minor) at 1:29

Shootout

Penalty Shot by Jiri Hudler for Panthers - Shot Misses the Net
Penalty Shot by Marian Hossa for Avalanche - Shot Misses the Net
Penalty Shot by Daniel Alfredsson for Panthers - Goal!
Penalty Shot by Teemu Selanne for Avalanche - Stopped by Semyon Varlamov
Penalty Shot by Dave Bolland for Panthers - Stopped by Antti Niemi
Penalty Shot by Derek Stepan for Avalanche - Stopped by Semyon Varlamov

Penalties :
No Penalty

Goalie Stats

Semyon Varlamov (FLA), 11 saves from 14 shots - (0.786), W, 6-1-0, 64:12 minutes
Antti Niemi (COL), 21 saves from 24 shots - (0.875), OTL, 8-7-7, 65:00 minutes

Players Stats for Panthers

Player Name              G  A  P  +/- PIM S  H  SB GA TA FO     MP     PP MP  PK MP  
------------------------------------------------------------------------------------
Andrew Cogliano          0  0  0  -1  0   0  0  1  0  0  5/9    10:47   0:00   0:00 
Andy Greene              0  0  0  -1  0   0  0  4  0  0  0/0    19:47   0:00   4:03 
Clarke MacArthur         0  0  0  -1  0   0  0  0  0  0  0/2    12:51   0:00   0:21 
Colin Greening           0  0  0   0  0   1  3  1  0  0  1/2    10:39   0:00   0:00 
Craig Smith              0  0  0  -1  0   0  0  1  0  0  0/0    13:05   0:00   0:15 
Daniel Alfredsson        0  2  2   2  0   3  2  0  0  0  4/6    19:58   2:46   3:25 
Dave Bolland             1  0  1  -1  0   3  0  0  0  0  9/18   21:53   3:11   4:16 
Jiri Hudler              0  0  0   0  0   1  5  0  0  0  0/0    15:32   2:46   0:00 
Johnny Oduya             0  0  0   1  0   0  0  1  0  0  0/0    21:22   2:53   2:16 
Kevin Klein              0  0  0  -1  0   2  3  0  0  0  0/0    21:03   0:00   3:58 
Kyle Quincey             0  1  1   1  2   0  1  1  0  0  0/0    24:27   2:53   2:30 
Lee Stempniak            0  0  0   0  0   1  0  0  0  0  0/0     9:03   0:00   0:00 
Luca Sbisa               0  0  0   0  2   1  3  1  0  0  0/0    18:38   3:04   0:07 
Niklas Kronwall          2  0  2   0  2   6  2  0  0  0  0/0    24:40   3:04   2:58 
Ryan Smyth               0  0  0   1  0   0  2  0  0  0  0/1    23:32   3:11   3:53 
Sam Gagner               0  2  2   2  2   4  1  0  0  0  10/20  16:32   2:46   0:00 
Tim Stapleton            0  0  0   0  0   0  0  1  0  0  1/6     9:03   0:00   0:00 
Viktor Stalberg          0  0  0  -1  0   2  1  0  0  0  1/1    19:08   3:11   3:42 

Players Stats for Avalanche

Player Name              G  A  P  +/- PIM S  H  SB GA TA FO     MP     PP MP  PK MP  
------------------------------------------------------------------------------------
Brayden McNabb           0  0  0  -1  0   0  2  1  0  0  0/0    15:39   0:00   0:57 
Brayden Schenn           0  0  0   0  0   0  0  0  0  0  0/0    11:15   1:58   0:03 
Chris Stewart            0  1  1   1  0   1  0  0  0  0  0/1     6:21   0:00   0:00 
Craig Adams              0  1  1   1  0   0  0  0  0  0  5/7    11:09   0:00   4:48 
Derek Stepan             2  0  2   1  2   5  2  0  0  0  8/18   20:56   3:45   0:54 
Jeff Skinner             0  0  0   1  0   0  2  0  0  0  0/0    22:58   3:19   0:58 
John Carlson             0  0  0  -1  2   1  0  0  0  0  0/0    15:35   0:00   0:54 
Justin Abdelkader        1  0  1   1  0   1  1  0  0  0  0/0     6:21   0:00   0:00 
Kevin Shattenkirk        0  0  0   1  0   1  1  1  0  0  0/0    23:44   3:54   3:59 
Kyle Turris              0  0  0  -2  0   0  0  0  0  0  9/20   20:05   3:05   2:08 
Marcus Johansson         0  0  0   0  0   1  0  0  0  0  12/17  15:26   0:00   3:49 
Marian Hossa             0  2  2   1  2   0  2  0  0  0  0/2    21:15   3:45   1:13 
Michael Del Zotto        0  1  1   0  0   1  1  5  0  0  0/0    25:48   4:02   3:11 
Michal Rozsival          0  0  0   0  0   2  1  2  0  0  0/0    22:25   4:02   3:48 
Nicklas Lidstrom         0  1  1   1  2   0  0  5  0  0  0/0    26:47   3:54   3:03 
Petr Sykora              0  0  0  -2  0   1  2  0  0  0  0/0    17:59   3:45   0:00 
Steve Downie             0  0  0   0  0   0  0  0  0  0  0/0     9:14   0:00   0:00 
Teemu Selanne            0  0  0  -2  0   0  2  0  0  0  0/0    19:03   4:11   0:00 

3 Stars

1 - Derek Stepan (COL)
2 - Niklas Kronwall (FLA)
3 - Daniel Alfredsson (FLA)

Power Play

Panthers - 0 on 4 Attempt(s) - 0.00%
Avalanche - 0 on 4 Attempt(s) - 0.00%

Penalty Kill

Panthers - 4 on 4 Attempt(s) - 100.00% - Score 0 goal in Penalty Kill
Avalanche - 4 on 4 Attempt(s) - 100.00% - Score 0 goal in Penalty Kill

Official

Referees : Ghislain Hebert and Dave Jackson
Linesman : Andy McElman and Jay Sharrers

Game Notes

No Game Note

Finance

Level 1 -- Attendance: 6158 (94.74%) -- Ticket Income $628,116
Level 2 -- Attendance: 4799 (95.98%) -- Ticket Income $359,925
Level 3 -- Attendance: 3195 (91.29%) -- Ticket Income $175,725
Level 4 -- Attendance: 2007 (100.00%) -- Ticket Income $90,315
Luxury Box -- Attendance: 1000 (100.00%) -- Ticket Income $200,000
Game was played at the Pepsi Center
Total Attendance: 17159 (95.29%)
Total Ticket Income: $1,454,081
Other Income: $218,112
Total Income: $1,672,193


% Time on Ice - Panthers

Lines # - Real PCT - Wanted PCT - Time Play
Normal Forward
1 - 29% - 32% - 13:31
2 - 27% - 30% - 12:30
3 - 24% - 25% - 10:47
4 - 20% - 13% - 9:03
Normal Defense
1 - 34% - 33% - 15:26
2 - 32% - 30% - 14:41
3 - 27% - 25% - 12:21
4 - 7% - 12% - 3:23
PP Forward
1 - 46% - 55% - 2:46
2 - 54% - 45% - 3:11
PP Defense
1 - 52% - 60% - 3:04
2 - 48% - 40% - 2:53
PK Forward
1 - 52% - 50% - 4:07
2 - 48% - 50% - 3:49
PK Defense
1 - 57% - 60% - 4:31
2 - 43% - 40% - 3:25
PK3 Forward
1 - 0% - 50%
2 - 0% - 50%
PK3 Defense
1 - 0% - 60%
2 - 0% - 40%
44 Forward
1 - 71% - 60% - 3:32
2 - 29% - 40% - 1:28
44 Defense
1 - 59% - 60% - 2:57
2 - 41% - 40% - 2:03
Last Minute Offensive  - 0:16
Last Minute Defensive  - 0:00
Total
Forward - 65:00
Defense - 65:00

% Time on Ice - Avalanche

Lines # - Real PCT - Wanted PCT - Time Play
Normal Forward
1 - 35% - 40% - 16:18
2 - 31% - 30% - 14:14
3 - 20% - 20% - 9:14
4 - 14% - 10% - 6:21
Normal Defense
1 - 33% - 40% - 15:13
2 - 30% - 30% - 13:57
3 - 32% - 20% - 14:42
4 - 5% - 10% - 2:15
PP Forward
1 - 47% - 60% - 3:45
2 - 53% - 40% - 4:11
PP Defense
1 - 49% - 60% - 3:54
2 - 51% - 40% - 4:02
PK Forward
1 - 64% - 60% - 3:49
2 - 36% - 40% - 2:08
PK Defense
1 - 51% - 60% - 3:03
2 - 49% - 40% - 2:54
PK3 Forward
1 - 55% - 60% - 1:05
2 - 45% - 40% - 0:54
PK3 Defense
1 - 55% - 60% - 1:05
2 - 45% - 40% - 0:54
44 Forward
1 - 79% - 60% - 2:23
2 - 21% - 40% - 0:38
44 Defense
1 - 79% - 60% - 2:23
2 - 21% - 40% - 0:38
Last Minute Offensive  - 0:00
Last Minute Defensive  - 0:00
Total
Forward - 65:00
Defense - 65:00

Play by Play

1st period


0:01 of 1st period - Sam Gagner wins face-off versus Marian Hossa in neutral zone.
0:01 of 1st period - Sam Gagner is hit by Marian Hossa.
0:06 of 1st period - Off-side.
0:07 of 1st period - Dave Bolland wins face-off versus Kyle Turris in neutral zone.
1:18 of 1st period - Shot by Craig Smith.
1:18 of 1st period - Shot Misses the Net.
1:20 of 1st period - Shot by Andrew Cogliano.
1:20 of 1st period - Deflect By Viktor Stalberg.
1:20 of 1st period - Stopped by Antti Niemi without a rebound.
1:21 of 1st period - Marcus Johansson wins face-off versus Sam Gagner in Avalanche zone.
1:45 of 1st period - Shot by Daniel Alfredsson.
1:45 of 1st period - Shot Blocked by Brayden McNabb.
2:45 of 1st period - Shot by Kevin Shattenkirk.
2:45 of 1st period - Shot Blocked by Tim Stapleton.
2:47 of 1st period - Shot by Kevin Shattenkirk.
2:47 of 1st period - Stopped by Semyon Varlamov with a rebound.
3:53 of 1st period - Icing by Michal Rozsival.
3:54 of 1st period - Sam Gagner wins face-off versus Craig Adams in Avalanche zone.
4:11 of 1st period - Shot by Sam Gagner.
4:11 of 1st period - Shot Misses the Net.
4:13 of 1st period - Shot by Niklas Kronwall.
4:13 of 1st period - Goal by Niklas Kronwall - Panthers : 1 - Avalanche : 0.
4:14 of 1st period - Andrew Cogliano wins face-off versus Derek Stepan in neutral zone.
5:10 of 1st period - Derek Stepan is hit by Jiri Hudler and loses puck.
5:19 of 1st period - Shot by Dave Bolland.
5:19 of 1st period - Shot Blocked by Nicklas Lidstrom.
5:23 of 1st period - Shot by Clarke MacArthur.
5:23 of 1st period - Shot Misses the Net.
5:25 of 1st period - Shot by Niklas Kronwall.
5:25 of 1st period - Shot Blocked by Nicklas Lidstrom.
5:27 of 1st period - Shot by Kevin Klein.
5:27 of 1st period - Stopped by Antti Niemi with a rebound.
5:39 of 1st period - Shot by Kevin Klein.
5:39 of 1st period - Stopped by Antti Niemi without a rebound.
5:40 of 1st period - Sam Gagner wins face-off versus Kyle Turris in Avalanche zone.
5:54 of 1st period - Shot by Kyle Turris.
5:54 of 1st period - Shot Misses the Net.
6:48 of 1st period - Michael Del Zotto is hit by Kyle Quincey and loses puck.
6:51 of 1st period - Shot by Michal Rozsival.
6:51 of 1st period - Stopped by Semyon Varlamov with a rebound.
6:53 of 1st period - Shot by Michael Del Zotto.
6:53 of 1st period - Stopped by Semyon Varlamov without a rebound.
6:54 of 1st period - Craig Adams wins face-off versus Dave Bolland in Panthers zone.
6:54 of 1st period - Craig Adams is hit by Niklas Kronwall.
7:02 of 1st period - Shot by Craig Adams.
7:02 of 1st period - Deflect By Chris Stewart.
7:02 of 1st period - Shot Misses the Net.
7:06 of 1st period - Shot by Justin Abdelkader.
7:06 of 1st period - Goal by Justin Abdelkader - Panthers : 1 - Avalanche : 1.
7:07 of 1st period - Tim Stapleton wins face-off versus Marcus Johansson in neutral zone.
7:27 of 1st period - Shot by Colin Greening.
7:27 of 1st period - Deflect By Lee Stempniak.
7:27 of 1st period - Stopped by Antti Niemi without a rebound.
7:28 of 1st period - Dave Bolland wins face-off versus Kyle Turris in Avalanche zone.
7:39 of 1st period - Andy Greene is hit by Petr Sykora and loses puck.
8:05 of 1st period - Icing by Andy Greene.
8:06 of 1st period - Dave Bolland wins face-off versus Derek Stepan in Panthers zone.
8:28 of 1st period - Minor Penalty to Derek Stepan for Roughing.
8:29 of 1st period - Sam Gagner wins face-off versus Marcus Johansson in Avalanche zone.
8:30 of 1st period - Shot by Daniel Alfredsson.
8:30 of 1st period - Shot Blocked by Kevin Shattenkirk.
8:32 of 1st period - Shot by Daniel Alfredsson.
8:32 of 1st period - Stopped by Antti Niemi without a rebound.
8:33 of 1st period - Marcus Johansson wins face-off versus Dave Bolland in Avalanche zone.
8:48 of 1st period - Shot by Luca Sbisa.
8:48 of 1st period - Shot Blocked by Michal Rozsival.
8:50 of 1st period - Shot by Niklas Kronwall.
8:50 of 1st period - Stopped by Antti Niemi without a rebound.
8:51 of 1st period - Marcus Johansson wins face-off versus Sam Gagner in Avalanche zone.
8:51 of 1st period - Marcus Johansson is hit by Daniel Alfredsson.
9:01 of 1st period - Shot by Niklas Kronwall.
9:01 of 1st period - Shot Misses the Net.
9:03 of 1st period - Shot by Niklas Kronwall.
9:03 of 1st period - Shot Blocked by Michael Del Zotto.
9:07 of 1st period - Shot by Luca Sbisa.
9:07 of 1st period - Shot Hit the Post.
9:09 of 1st period - Shot by Sam Gagner.
9:09 of 1st period - Shot Blocked by Michael Del Zotto.
9:11 of 1st period - Shot by Niklas Kronwall.
9:11 of 1st period - Stopped by Antti Niemi without a rebound.
9:12 of 1st period - Marcus Johansson wins face-off versus Dave Bolland in Avalanche zone.
10:35 of 1st period - Shot by Petr Sykora.
10:35 of 1st period - Shot Misses the Net.
11:38 of 1st period - Minor Penalty to Luca Sbisa for High sticking.
11:39 of 1st period - Daniel Alfredsson wins face-off versus Derek Stepan in Panthers zone.
11:53 of 1st period - Shot by Kevin Shattenkirk.
11:53 of 1st period - Shot Misses the Net.
11:55 of 1st period - Shot by Nicklas Lidstrom.
11:55 of 1st period - Shot Blocked by Andy Greene.
13:19 of 1st period - Shot by Ryan Smyth.
13:19 of 1st period - Deflect By Dave Bolland.
13:19 of 1st period - Stopped by Antti Niemi without a rebound.
13:20 of 1st period - Derek Stepan wins face-off versus Dave Bolland in Avalanche zone.
13:27 of 1st period - Shot by Kevin Shattenkirk.
13:27 of 1st period - Shot Misses the Net.
13:29 of 1st period - Shot by Nicklas Lidstrom.
13:29 of 1st period - Shot Blocked by Andy Greene.
13:47 of 1st period - Shot by Chris Stewart.
13:47 of 1st period - Shot Blocked by Johnny Oduya.
14:10 of 1st period - Tim Stapleton is hit by Brayden McNabb.
15:14 of 1st period - Nicklas Lidstrom is hit by Ryan Smyth and loses puck.
15:30 of 1st period - Icing by Craig Smith.
15:31 of 1st period - Marcus Johansson wins face-off versus Andrew Cogliano in Panthers zone.
15:31 of 1st period - Marcus Johansson is hit by Kevin Klein.
16:25 of 1st period - Shot by Kyle Turris.
16:25 of 1st period - Deflect By Petr Sykora.
16:25 of 1st period - Stopped by Semyon Varlamov without a rebound.
16:26 of 1st period - Sam Gagner wins face-off versus Kyle Turris in Panthers zone.
16:30 of 1st period - Kyle Quincey is hit by Teemu Selanne.
16:51 of 1st period - Shot by Daniel Alfredsson.
16:51 of 1st period - Shot Misses the Net.
17:30 of 1st period - Icing by Luca Sbisa.
17:31 of 1st period - Derek Stepan wins face-off versus Dave Bolland in Panthers zone.
18:01 of 1st period - Shot by Dave Bolland.
18:01 of 1st period - Shot Misses the Net.
18:07 of 1st period - Andy Greene is hit by Derek Stepan and loses puck.
19:11 of 1st period - Shot by Sam Gagner.
19:11 of 1st period - Shot Blocked by Michal Rozsival.

2nd period


0:01 of 2nd period - Andrew Cogliano wins face-off versus Marian Hossa in neutral zone.
1:20 of 2nd period - Kyle Turris is hit by Kevin Klein.
1:25 of 2nd period - Kyle Turris is hit by Niklas Kronwall and loses puck.
1:37 of 2nd period - Minor Penalty to Niklas Kronwall for Holding.
1:38 of 2nd period - Dave Bolland wins face-off versus Kyle Turris in Panthers zone.
2:39 of 2nd period - Shot by Dave Bolland.
2:39 of 2nd period - Stopped by Antti Niemi without a rebound.
2:40 of 2nd period - Daniel Alfredsson wins face-off versus Derek Stepan in Avalanche zone.
2:40 of 2nd period - Andy Greene is hit by Kevin Shattenkirk and loses puck.
3:44 of 2nd period - Niklas Kronwall is hit by Justin Abdelkader and loses puck.
3:49 of 2nd period - Brayden McNabb is hit by Colin Greening and loses puck.
3:53 of 2nd period - Minor Penalty to John Carlson for Tripping.
3:54 of 2nd period - Marcus Johansson wins face-off versus Sam Gagner in Avalanche zone.
4:03 of 2nd period - Craig Adams is hit by Jiri Hudler and loses puck.
4:08 of 2nd period - Shot by Niklas Kronwall.
4:08 of 2nd period - Shot Misses the Net.
4:10 of 2nd period - Shot by Sam Gagner.
4:10 of 2nd period - Shot Misses the Net.
4:12 of 2nd period - Shot by Niklas Kronwall.
4:12 of 2nd period - Stopped by Antti Niemi without a rebound.
4:13 of 2nd period - Marcus Johansson wins face-off versus Dave Bolland in Avalanche zone.
4:21 of 2nd period - Craig Adams is hit by Ryan Smyth and loses puck.
4:52 of 2nd period - Marian Hossa is hit by Viktor Stalberg and loses puck.
5:06 of 2nd period - Icing by Niklas Kronwall.
5:07 of 2nd period - Sam Gagner wins face-off versus Craig Adams in Panthers zone.
5:12 of 2nd period - Marcus Johansson is hit by Jiri Hudler and loses puck.
5:21 of 2nd period - Shot by Niklas Kronwall.
5:21 of 2nd period - Shot Blocked by Michael Del Zotto.
5:29 of 2nd period - Shot by Luca Sbisa.
5:29 of 2nd period - Stopped by Antti Niemi without a rebound.
5:30 of 2nd period - Kyle Turris wins face-off versus Sam Gagner in Avalanche zone.
5:36 of 2nd period - Icing by Niklas Kronwall.
5:37 of 2nd period - Sam Gagner wins face-off versus Kyle Turris in Panthers zone.
5:37 of 2nd period - Sam Gagner is hit by Marian Hossa.
5:45 of 2nd period - Shot by Sam Gagner.
5:45 of 2nd period - Stopped by Antti Niemi with a rebound.
5:52 of 2nd period - Icing by Luca Sbisa.
5:53 of 2nd period - Viktor Stalberg wins face-off versus Derek Stepan in Panthers zone.
5:53 of 2nd period - Viktor Stalberg is hit by Derek Stepan.
6:01 of 2nd period - Shot by Derek Stepan.
6:01 of 2nd period - Shot Misses the Net.
6:16 of 2nd period - Minor Penalty to Marian Hossa for Hooking.
6:17 of 2nd period - Sam Gagner wins face-off versus Marcus Johansson in Avalanche zone.
6:53 of 2nd period - Shot by Luca Sbisa.
6:53 of 2nd period - Shot Blocked by Michael Del Zotto.
6:55 of 2nd period - Shot by Daniel Alfredsson.
6:55 of 2nd period - Stopped by Antti Niemi with a rebound.
6:57 of 2nd period - Shot by Sam Gagner.
6:57 of 2nd period - Stopped by Antti Niemi with a rebound.
6:59 of 2nd period - Shot by Luca Sbisa.
6:59 of 2nd period - Shot Blocked by Nicklas Lidstrom.
7:35 of 2nd period - Shot by Dave Bolland.
7:35 of 2nd period - Shot Misses the Net.
7:42 of 2nd period - Icing by Ryan Smyth.
7:43 of 2nd period - Dave Bolland wins face-off versus Marcus Johansson in Panthers zone.
7:48 of 2nd period - Shot by Johnny Oduya.
7:48 of 2nd period - Deflect By Dave Bolland.
7:48 of 2nd period - Shot Blocked by Nicklas Lidstrom.
8:36 of 2nd period - Shot by Colin Greening.
8:36 of 2nd period - Stopped by Antti Niemi without a rebound.
8:37 of 2nd period - Derek Stepan wins face-off versus Daniel Alfredsson in Avalanche zone.
8:46 of 2nd period - Shot by Marian Hossa.
8:46 of 2nd period - Shot Misses the Net.
8:48 of 2nd period - Shot by Derek Stepan.
8:48 of 2nd period - Stopped by Semyon Varlamov without a rebound.
8:49 of 2nd period - Colin Greening wins face-off versus Chris Stewart in Panthers zone.
8:55 of 2nd period - Nicklas Lidstrom is hit by Kevin Klein and loses puck.
8:58 of 2nd period - Shot by Chris Stewart.
8:58 of 2nd period - Stopped by Semyon Varlamov without a rebound.
8:59 of 2nd period - Kyle Turris wins face-off versus Tim Stapleton in Panthers zone.
9:36 of 2nd period - Shot by Kyle Turris.
9:36 of 2nd period - Shot Blocked by Colin Greening.
9:50 of 2nd period - Icing by Michal Rozsival.
9:51 of 2nd period - Kyle Turris wins face-off versus Dave Bolland in Avalanche zone.
9:59 of 2nd period - Shot by Dave Bolland.
9:59 of 2nd period - Goal by Dave Bolland - Panthers : 2 - Avalanche : 1.
10:00 of 2nd period - Derek Stepan wins face-off versus Sam Gagner in neutral zone.
11:07 of 2nd period - Icing by Johnny Oduya.
11:08 of 2nd period - Craig Adams wins face-off versus Sam Gagner in Panthers zone.
11:25 of 2nd period - Shot by Jiri Hudler.
11:25 of 2nd period - Shot Misses the Net.
11:27 of 2nd period - Shot by Niklas Kronwall.
11:27 of 2nd period - Shot Misses the Net.
11:29 of 2nd period - Shot by Kevin Klein.
11:29 of 2nd period - Shot Misses the Net.
11:44 of 2nd period - Icing by Michael Del Zotto.
11:45 of 2nd period - Craig Adams wins face-off versus Andrew Cogliano in Avalanche zone.
12:16 of 2nd period - Icing by Viktor Stalberg.
12:17 of 2nd period - Derek Stepan wins face-off versus Andrew Cogliano in Panthers zone.
12:27 of 2nd period - Off-side.
12:28 of 2nd period - Dave Bolland wins face-off versus Kyle Turris in neutral zone.
13:02 of 2nd period - Icing by Kevin Shattenkirk.
13:03 of 2nd period - Kyle Turris wins face-off versus Sam Gagner in Avalanche zone.
13:03 of 2nd period - Kyle Turris is hit by Daniel Alfredsson.
14:19 of 2nd period - Shot by Viktor Stalberg.
14:19 of 2nd period - Shot Misses the Net.
14:34 of 2nd period - Icing by Luca Sbisa.
14:35 of 2nd period - Andrew Cogliano wins face-off versus Marcus Johansson in Panthers zone.
15:01 of 2nd period - Shot by Brayden Schenn.
15:01 of 2nd period - Shot Blocked by Andrew Cogliano.
15:05 of 2nd period - Shot by Brayden Schenn.
15:05 of 2nd period - Shot Misses the Net.
15:07 of 2nd period - Shot by Michal Rozsival.
15:07 of 2nd period - Shot Blocked by Andy Greene.
15:09 of 2nd period - Shot by Brayden Schenn.
15:09 of 2nd period - Shot Blocked by Andy Greene.
15:36 of 2nd period - Kevin Shattenkirk is hit by Jiri Hudler and loses puck.
16:04 of 2nd period - Shot by Kevin Klein.
16:04 of 2nd period - Shot Misses the Net.
19:54 of 2nd period - Shot by Sam Gagner.
19:54 of 2nd period - Stopped by Antti Niemi without a rebound.
19:55 of 2nd period - Derek Stepan wins face-off versus Tim Stapleton in Avalanche zone.
19:55 of 2nd period - Derek Stepan is hit by Colin Greening.

3rd period


0:01 of 3rd period - Derek Stepan wins face-off versus Dave Bolland in neutral zone.
0:01 of 3rd period - Derek Stepan is hit by Jiri Hudler.
0:24 of 3rd period - Shot by Derek Stepan.
0:24 of 3rd period - Goal by Derek Stepan - Panthers : 2 - Avalanche : 2.
0:25 of 3rd period - Kyle Turris wins face-off versus Sam Gagner in neutral zone.
0:27 of 3rd period - Minor Penalty to Kyle Quincey for Holding.
0:28 of 3rd period - Daniel Alfredsson wins face-off versus Derek Stepan in Panthers zone.
1:27 of 3rd period - Shot by Michal Rozsival.
1:27 of 3rd period - Stopped by Semyon Varlamov without a rebound.
1:28 of 3rd period - Daniel Alfredsson wins face-off versus Kyle Turris in Panthers zone.
2:24 of 3rd period - Shot by Ryan Smyth.
2:24 of 3rd period - Shot Blocked by Nicklas Lidstrom.
2:31 of 3rd period - Brayden Schenn is hit by Luca Sbisa and loses puck.
2:53 of 3rd period - Shot by Marcus Johansson.
2:53 of 3rd period - Stopped by Semyon Varlamov with a rebound.
2:55 of 3rd period - Shot by Brayden McNabb.
2:55 of 3rd period - Shot Blocked by Kyle Quincey.
2:57 of 3rd period - Shot by John Carlson.
2:57 of 3rd period - Stopped by Semyon Varlamov without a rebound.
2:58 of 3rd period - Craig Adams wins face-off versus Clarke MacArthur in Panthers zone.
4:48 of 3rd period - Minor Penalty to Sam Gagner for Tripping.
4:49 of 3rd period - Dave Bolland wins face-off versus Kyle Turris in Panthers zone.
4:57 of 3rd period - Off-side.
4:58 of 3rd period - Derek Stepan wins face-off versus Daniel Alfredsson in neutral zone.
6:03 of 3rd period - Shot by Teemu Selanne.
6:03 of 3rd period - Shot Misses the Net.
10:37 of 3rd period - Marian Hossa is hit by Luca Sbisa and loses puck.
10:45 of 3rd period - Off-side.
10:46 of 3rd period - Marcus Johansson wins face-off versus Tim Stapleton in neutral zone.
10:58 of 3rd period - Icing by Lee Stempniak.
10:59 of 3rd period - Kyle Turris wins face-off versus Tim Stapleton in Panthers zone.
11:06 of 3rd period - Tim Stapleton is hit by Teemu Selanne and loses puck.
11:38 of 3rd period - Teemu Selanne is hit by Luca Sbisa.
12:17 of 3rd period - Niklas Kronwall is hit by Brayden McNabb and loses puck.
13:02 of 3rd period - Shot by Derek Stepan.
13:02 of 3rd period - Stopped by Semyon Varlamov without a rebound.
13:03 of 3rd period - Dave Bolland wins face-off versus Derek Stepan in Panthers zone.
13:16 of 3rd period - Shot by Dave Bolland.
13:16 of 3rd period - Shot Misses the Net.
13:28 of 3rd period - Shot by Jiri Hudler.
13:28 of 3rd period - Stopped by Antti Niemi without a rebound.
13:29 of 3rd period - Kyle Turris wins face-off versus Andrew Cogliano in Avalanche zone.
13:34 of 3rd period - Andy Greene is hit by Petr Sykora and loses puck.
13:53 of 3rd period - Shot by Kyle Turris.
13:53 of 3rd period - Shot Misses the Net.
13:55 of 3rd period - Shot by Kevin Shattenkirk.
13:55 of 3rd period - Shot Blocked by Luca Sbisa.
14:57 of 3rd period - Icing by Johnny Oduya.
14:58 of 3rd period - Marcus Johansson wins face-off versus Clarke MacArthur in Panthers zone.
16:00 of 3rd period - Icing by Nicklas Lidstrom.
16:01 of 3rd period - Sam Gagner wins face-off versus Kyle Turris in Avalanche zone.
16:20 of 3rd period - Shot by Ryan Smyth.
16:20 of 3rd period - Shot Misses the Net.
16:32 of 3rd period - Shot by Sam Gagner.
16:32 of 3rd period - Stopped by Antti Niemi without a rebound.
16:33 of 3rd period - Andrew Cogliano wins face-off versus Derek Stepan in Avalanche zone.
17:06 of 3rd period - Shot by Marian Hossa.
17:06 of 3rd period - Deflect By Derek Stepan.
17:06 of 3rd period - Goal by Derek Stepan - Panthers : 2 - Avalanche : 3.
17:07 of 3rd period - Marcus Johansson wins face-off versus Sam Gagner in neutral zone.
17:11 of 3rd period - Off-side.
17:12 of 3rd period - Sam Gagner wins face-off versus Kyle Turris in neutral zone.
17:15 of 3rd period - Nicklas Lidstrom is hit by Sam Gagner and loses puck.
17:38 of 3rd period - Shot by Daniel Alfredsson.
17:38 of 3rd period - Stopped by Antti Niemi without a rebound.
17:39 of 3rd period - Dave Bolland wins face-off versus Derek Stepan in Avalanche zone.
17:40 of 3rd period - Shot by Clarke MacArthur.
17:40 of 3rd period - Shot Blocked by Michael Del Zotto.
18:06 of 3rd period - Shot by Derek Stepan.
18:06 of 3rd period - Stopped by Semyon Varlamov without a rebound.
18:07 of 3rd period - Kyle Turris wins face-off versus Sam Gagner in Panthers zone.
18:44 of 3rd period - Shot by Daniel Alfredsson.
18:44 of 3rd period - Shot Misses the Net.
18:46 of 3rd period - Shot by Niklas Kronwall.
18:46 of 3rd period - Stopped by Antti Niemi without a rebound.
18:47 of 3rd period - Andrew Cogliano wins face-off versus Derek Stepan in Avalanche zone.
18:47 of 3rd period - Andrew Cogliano is hit by Michael Del Zotto.
19:01 of 3rd period - Panthers, Semyon Varlamov is pulled from the net.
19:01 of 3rd period - Shot by Viktor Stalberg.
19:01 of 3rd period - Shot Misses the Net.
19:12 of 3rd period - Andrew Cogliano is hit by Michal Rozsival and loses puck.
19:47 of 3rd period - Shot by Daniel Alfredsson.
19:47 of 3rd period - Shot Misses the Net.
19:49 of 3rd period - Shot by Niklas Kronwall.
19:49 of 3rd period - Goal by Niklas Kronwall - Panthers : 3 - Avalanche : 3.
19:49 of 3rd period - Semyon Varlamov from Panthers was sent back in the game.
19:50 of 3rd period - Kyle Turris wins face-off versus Tim Stapleton in neutral zone.

Overtime #1


0:01 of 1st overtime period - Marcus Johansson wins face-off versus Ryan Smyth in neutral zone.
0:04 of 1st overtime period - Niklas Kronwall is hit by Jeff Skinner.
1:29 of 1st overtime period - Shot by Viktor Stalberg.
1:29 of 1st overtime period - Stopped by Antti Niemi without a rebound.
1:29 of 1st overtime period - Minor Penalty to Nicklas Lidstrom for Holding.
1:30 of 1st overtime period - Craig Adams wins face-off versus Dave Bolland in Avalanche zone.
2:29 of 1st overtime period - John Carlson is hit by Colin Greening and loses puck.
3:00 of 1st overtime period - Shot by Dave Bolland.
3:00 of 1st overtime period - Shot Misses the Net.
3:43 of 1st overtime period - Off-side.
3:44 of 1st overtime period - Marcus Johansson wins face-off versus Colin Greening in neutral zone.
3:49 of 1st overtime period - Luca Sbisa is hit by Jeff Skinner and loses puck.
4:52 of 1st overtime period - Shot by Nicklas Lidstrom.
4:52 of 1st overtime period - Shot Blocked by Craig Smith.
4:56 of 1st overtime period - Shot by Teemu Selanne.
4:56 of 1st overtime period - Shot Misses the Net.

ShootOut


5:00 of 1st overtime period - Penalty Shot by Jiri Hudler for Panthers.
5:00 of 1st overtime period - Shot Misses the Net.
5:00 of 1st overtime period - Penalty Shot by Marian Hossa for Avalanche.
5:00 of 1st overtime period - Shot Misses the Net.
5:00 of 1st overtime period - Penalty Shot by Daniel Alfredsson for Panthers.
5:00 of 1st overtime period - Goal by Daniel Alfredsson.
5:00 of 1st overtime period - Penalty Shot by Teemu Selanne for Avalanche.
5:00 of 1st overtime period - Stopped by Semyon Varlamov.
5:00 of 1st overtime period - Penalty Shot by Dave Bolland for Panthers.
5:00 of 1st overtime period - Stopped by Antti Niemi.
5:00 of 1st overtime period - Penalty Shot by Derek Stepan for Avalanche.
5:00 of 1st overtime period - Stopped by Semyon Varlamov.


Output by the SimonT Hockey Simulator (STHS) for Stephane Roy -- Original Page W3C XHTML 1.0 Valid
Hockey Simulator - Hockey Simulation - Hockey Manager